[Event "Titled Tuesday Blitz July 11 Late 2023"]
[White "Van Foreest, Jorden"]
[Black "Koc, Przemyslaw"]
[WhiteFideId "1039784"]
[BlackFideId "1109081"]
[WhiteElo "2973"]
[BlackElo "2495"]
[Result "1-0"]
[Round "1"]
[TimeControl "180+2"]
[Date "2023.07.11"]
[WhiteClock "0:01:29"]
[BlackClock "0:00:05"]
[Board "24"]

1. e4 e5 2. Nf3 Nf6 3. d3 Nc6 4. g3 d5 5. exd5 Nxd5 6. Bg2 Be7 7. O-O Be6 8. Re1 f6 9. d4 Nb6 10. dxe5 Qxd1 11. Rxd1 fxe5 12. Nc3 O-O 13. Re1 Bf6 14. Ng5 Bxg5 15. Bxg5 h6 16. Bxc6 bxc6 17. Rxe5 Bg4 18. Be3 Bf3 19. b3 Rfe8 20. Ra5 a6 21. h3 Nd5 22. Nxd5 cxd5 23. Rc5 c6 24. Kh2 Re6 25. g4 g5 26. Ra5 Be4 27. Rc1 Kg7 28. c4 Kg6 29. Kg3 Rd8 30. Rd1 Rf8 31. Rxa6 Rf3+ 32. Kh2 Ref6 33. Bd4 Rxf2+ 34. Bxf2 Rxf2+ 35. Kg1 Rg2+ 36. Kf1 dxc4 37. Rd6+ Kf7 38. Ra7+ Ke8 39. Re6+ 1-0


[Site "https://www.chess.com"]

[Event "Titled Tuesday Blitz July 11 Late 2023"]
[White "Novikov, Evgenij"]
[Black "Sviridov, Valery"]
[WhiteFideId "4125380"]
[BlackFideId "4120680"]
[WhiteElo "2495"]
[BlackElo "2970"]
[Result "0-1"]
[Round "1"]
[TimeControl "180+2"]
[Date "2023.07.11"]
[WhiteClock "0:00:52"]
[BlackClock "0:01:58"]
[Board "25"]

1. d4 Nf6 2. c4 b6 3. Nc3 Bb7 4. Nf3 g6 5. d5 e6 6. e4 Bg7 7. Bd3 O-O 8. O-O Na6 9. Re1 Nc5 10. Bc2 a5 11. e5 Ne8 12. Bg5 f6 13. exf6 Bxf6 14. Be3 Nd6 15. Nd2 exd5 16. Nxd5 Bxd5 17. cxd5 Bxb2 18. Qg4 Bxa1 19. Rxa1 Qf6 20. Bd4 Qf4 21. Qxf4 Rxf4 22. Be5 Rf7 23. Bxd6 cxd6 24. Nc4 Rf6 25. Nxb6 Rb8 26. Nc4 Rb4 27. Ne3 Rb2 0-1


[Site "https://www.chess.com"]

[Event "Titled Tuesday Blitz July 11 Late 2023"]
[White "Makarian, Rudik"]
[Black "Liu, Casper"]
[WhiteFideId "44105681"]
[BlackFideId "1454153"]
[WhiteElo "2965"]
[BlackElo "2492"]
[Result "1-0"]
[Round "1"]
[TimeControl "180+2"]
[Date "2023.07.11"]
[WhiteClock "0:00:39"]
[BlackClock "0:00:08"]
[Board "26"]

1. d4 d5 2. c4 e6 3. Nf3 Nf6 4. Nc3 Be7 5. Bf4 O-O 6. e3 c5 7. dxc5 Bxc5 8. a3 a6 9. cxd5 Nxd5 10. Nxd5 exd5 11. Bd3 Bg4 12. O-O Nc6 13. Rc1 Bd6 14. Bxd6 Qxd6 15. h3 Bh5 16. Be2 Rae8 17. Nd4 Bxe2 18. Nxe2 Re4 19. Nc3 Re5 20. Qb3 d4 21. Rfd1 Qh6 22. exd4 Nxd4 23. Qxb7 Ne2+ 24. Nxe2 Rxe2 25. Rc6 Qf4 26. Rf1 a5 27. Rc8 g6 28. Rxf8+ Kxf8 29. Qa8+ Kg7 30. Qxa5 Rxb2 31. Qc3+ Qf6 32. Qxf6+ Kxf6 33. Ra1 Rb5 34. a4 Ra5 35. g4 Ke5 36. Kg2 f5 37. Kg3 fxg4 38. hxg4 Kf6 39. Kf4 h5 40. f3 hxg4 41. fxg4 g5+ 42. Ke4 Ke6 43. Kd4 Kd6 44. Ra2 Rd5+ 45. Ke4 Ra5 46. Rd2+ Ke6 47. Rd4 Re5+ 48. Kd3 Rc5 49. Rc4 Ra5 50. Kd4 Kd6 51. Rb4 Kc6 52. Ke4 Kc5 53. Rb5+ Rxb5 54. axb5 Kxb5 55. Kf5 Kc6 56. Kxg5 Kd7 57. Kf6 Ke8 58. Kg7 Ke7 59. g5 Ke8 60. g6 1-0


[Site "https://www.chess.com"]

[Event "Titled Tuesday Blitz July 11 Late 2023"]
[White "Srinath, Rao S.V."]
[Black "Pranav, V"]
[WhiteFideId "5028876"]
[BlackFideId "25060783"]
[WhiteElo "2492"]
[BlackElo "2954"]
[Result "1/2-1/2"]
[Round "1"]
[TimeControl "180+2"]
[Date "2023.07.11"]
[WhiteClock "0:00:08"]
[BlackClock "0:00:03"]
[Board "27"]

1. e4 e5 2. Nf3 Nc6 3. Bc4 Nf6 4. d3 h6 5. Nc3 d6 6. a4 g5 7. Nd5 Bg7 8. h3 Be6 9. Nxf6+ Qxf6 10. Bxe6 fxe6 11. Be3 a6 12. c3 O-O-O 13. b4 Ne7 14. Qb3 d5 15. a5 c6 16. c4 dxc4 17. dxc4 Qg6 18. Qc2 Kd7 19. Rd1+ Ke8 20. O-O Kf7 21. Bb6 Rxd1 22. Rxd1 h5 23. Rd7 g4 24. Nh4 Qf6 25. Bc5 Bf8 26. g3 gxh3 27. Qd1 Rh7 28. Rxb7 Kg8 29. Rb8 Qg5 30. Nf3 Qg4 31. Bxe7 Rxe7 32. Rxf8+ Kxf8 33. Qd8+ Re8 34. Qf6+ Kg8 35. Nxe5 Qd1+ 36. Kh2 Rf8 37. Qg6+ Kh8 38. Qh6+ Kg8 39. Qg5+ Kh7 40. Qe7+ Kg8 41. Qxe6+ Kg7 42. Qe7+ Kg8 43. Qg5+ Kh7 44. Qg6+ Kh8 45. Qh6+ Kg8 46. Qe6+ Kg7 47. Qe7+ Kg8 48. Qe6+ 1/2-1/2


[Site "https://www.chess.com"]

[Event "Titled Tuesday Blitz July 11 Late 2023"]
[White "Chigaev, Maksim"]
[Black "Urbina Perez, Juan Antonio"]
[WhiteFideId "4108116"]
[BlackFideId "2217368"]
[WhiteElo "2947"]
[BlackElo "2492"]
[Result "1-0"]
[Round "1"]
[TimeControl "180+2"]
[Date "2023.07.11"]
[WhiteClock "0:01:27"]
[BlackClock "0:01:22"]
[Board "28"]

1. e4 d5 2. exd5 Qxd5 3. Nc3 Qd8 4. Bc4 Nf6 5. Nf3 e6 6. d4 a6 7. a4 c5 8. d5 exd5 9. Nxd5 Nxd5 10. Bxd5 Be7 11. O-O O-O 12. Bf4 Nc6 13. Re1 Nb4 14. Be4 Bf6 15. c3 Nc6 16. Qxd8 Rxd8 17. Bc7 Rf8 18. Bd6 Rd8 19. Bxc5 Be6 20. Bb6 Re8 21. a5 Bc4 22. h3 g6 23. Nd2 Be6 24. Bf3 Ne5 25. Bxb7 Rab8 26. Ne4 Bg7 27. Bxa6 Nc4 28. Bxc4 Bxc4 29. Nd6 Rxe1+ 30. Rxe1 Bb3 31. Re8+ Rxe8 32. Nxe8 Bh6 33. a6 Bd5 34. Nf6+ 1-0


[Site "https://www.chess.com"]

[Event "Titled Tuesday Blitz July 11 Late 2023"]
[White "Camacho Collados, Marcos"]
[Black "Svane, Rasmus"]
[WhiteFideId "2266237"]
[BlackFideId "4657101"]
[WhiteElo "2489"]
[BlackElo "2941"]
[Result "0-1"]
[Round "1"]
[TimeControl "180+2"]
[Date "2023.07.11"]
[WhiteClock "0:00:00"]
[BlackClock "0:00:41"]
[Board "29"]

1. Nf3 d5 2. g3 Nf6 3. Bg2 e6 4. O-O Be7 5. d3 O-O 6. Nbd2 Nc6 7. e4 dxe4 8. dxe4 e5 9. c3 a5 10. Qc2 Bc5 11. Nc4 Qe7 12. Be3 Be6 13. Bxc5 Qxc5 14. Ne3 Rfd8 15. Nf5 Bxf5 16. exf5 e4 17. Nh4 Nd4 18. Qb1 Nxf5 19. Nxf5 Qxf5 20. Qe1 a4 21. Rd1 Qb5 22. Rd2 Rd5 23. Qc1 Qc4 24. Rfd1 Rxd2 25. Qxd2 h6 26. Qc2 Qxa2 27. Bxe4 Nxe4 28. Qxe4 Qxb2 29. Rb1 Qxc3 30. Rxb7 a3 31. Rxc7 Qa5 32. Qc4 Qe1+ 33. Kg2 Qe6 34. Qxe6 fxe6 35. Rc1 a2 36. Ra1 Kf7 37. Kf3 Kf6 38. Ke4 g5 39. Kd4 g4 40. Ke4 h5 41. Ke3 Ke5 42. f4+ Kd5 43. Kd3 Ra7 44. Ke3 Kc4 45. Kd2 Kd4 46. Ke2 Kc3 0-1


[Site "https://www.chess.com"]

[Event "Titled Tuesday Blitz July 11 Late 2023"]
[White "Zakhartsov, Vladimir"]
[Black "Taboas Rodriguez, Daniel"]
[WhiteFideId "4145097"]
[BlackFideId "2208466"]
[WhiteElo "2933"]
[BlackElo "2488"]
[Result "1-0"]
[Round "1"]
[TimeControl "180+2"]
[Date "2023.07.11"]
[WhiteClock "0:00:10"]
[BlackClock "0:00:06"]
[Board "30"]

1. d4 Nf6 2. c4 g6 3. Nc3 Bg7 4. g3 O-O 5. Bg2 d6 6. Nf3 Nbd7 7. O-O e5 8. Qc2 Re8 9. Rd1 c6 10. b3 a6 11. Ba3 e4 12. Ne1 d5 13. e3 b5 14. Bd6 Re6 15. c5 Ne8 16. a4 Bb7 17. axb5 axb5 18. Rxa8 Bxa8 19. Bf4 g5 20. Bd6 Nxd6 21. cxd6 Rxd6 22. Ra1 Bb7 23. b4 Nb6 24. Nb1 Nc4 25. Nd2 Qb6 26. Nb3 Rd8 27. Nc5 Bf8 28. Qb3 Ra8 29. Rxa8 Bxa8 30. Qa2 Qb8 31. Bh3 Bb7 32. Qe2 Bc8 33. Qh5 Bxh3 34. Qxh3 Bxc5 35. dxc5 Kg7 36. Nc2 Qa7 37. Qg4 h6 38. h4 Qa2 39. Nd4 Qb1+ 40. Kh2 Qf1 41. Qf5 gxh4 42. gxh4 Nd2 43. Qg4+ Kh8 44. Qg2 Nf3+ 45. Nxf3 Qxg2+ 46. Kxg2 exf3+ 47. Kxf3 Kg7 48. e4 dxe4+ 49. Kxe4 Kf6 50. f4 Ke6 51. f5+ Kf6 52. Kf4 Ke7 53. Kg4 Kf6 54. Kh5 Kxf5 55. Kxh6 Kg4 56. h5 f5 57. Kg6 f4 58. h6 f3 59. h7 f2 60. h8=Q f1=Q 61. Qh5+ Kg3 62. Qe5+ Kg2 63. Qe4+ Qf3 64. Qxf3+ Kxf3 65. Kf5 Ke3 66. Ke5 Kd3 67. Kd6 Kc4 68. Kxc6 Kxb4 69. Kb6 Ka4 70. c6 b4 71. c7 b3 72. c8=Q b2 73. Qc2+ Ka3 74. Qb1 Kb3 75. Kb5 Kc3 76. Ka4 1-0


[Site "https://www.chess.com"]

[Event "Titled Tuesday Blitz July 11 Late 2023"]
[White "Bettalli, Francesco"]
[Black "Tahbaz, Arash"]
[WhiteFideId "2816453"]
[BlackFideId "12528846"]
[WhiteElo "2486"]
[BlackElo "2931"]
[Result "0-1"]
[Round "1"]
[TimeControl "180+2"]
[Date "2023.07.11"]
[WhiteClock "0:00:12"]
[BlackClock "0:00:11"]
[Board "31"]

1. d4 g6 2. e4 Bg7 3. Nc3 d6 4. Be3 Nd7 5. h4 h6 6. g4 a6 7. g5 hxg5 8. Bxg5 b5 9. Bg2 Bb7 10. Nge2 Ngf6 11. Qd3 c5 12. O-O-O Rc8 13. Qg3 cxd4 14. Nxd4 Qc7 15. Rhe1 e5 16. Bxf6 Bxf6 17. Nd5 Qc5 18. Nxf6+ Nxf6 19. Bh3 Rc7 20. c3 Nh5 21. Ne6 Nxg3 22. Nxc5 Rxc5 23. fxg3 Ke7 24. Rd2 b4 25. Kc2 bxc3 26. bxc3 Bc8 27. Bf1 Be6 28. Rb1 Rhc8 29. Rb7+ Kf8 30. Rxd6 Rxc3+ 31. Kd2 Rc2+ 32. Ke3 R8c3+ 33. Bd3 Rg2 34. Kf3 Rd2 35. Ke3 Rg2 36. Kf3 Rxa2 37. g4 Raa3 38. Ke3 Bc4 39. Rbd7 Rxd3+ 40. Rxd3 Rxd3+ 41. Rxd3 Bxd3 42. Kxd3 a5 43. Kc4 a4 44. g5 f5 45. gxf6 Kf7 46. Kb4 Kxf6 47. Kxa4 g5 48. hxg5+ Kxg5 49. Kb4 Kf4 50. Kc3 Kxe4 51. Kd2 Kf3 52. Ke1 Ke3 53. Kd1 Kf2 54. Kd2 e4 55. Kd1 e3 56. Kc2 e2 57. Kd3 e1=Q 58. Kd4 Qe2 0-1


[Site "https://www.chess.com"]

[Event "Titled Tuesday Blitz July 11 Late 2023"]
[White "Durarbayli, Vasif"]
[Black "Deng, Henry"]
[WhiteFideId "13402935"]
[BlackFideId "30965454"]
[WhiteElo "2928"]
[BlackElo "2485"]
[Result "0-1"]
[Round "1"]
[TimeControl "180+2"]
[Date "2023.07.11"]
[WhiteClock "0:00:19"]
[BlackClock "0:00:14"]
[Board "32"]

1. e4 c5 2. Nf3 e6 3. d4 cxd4 4. Nxd4 Nf6 5. Nc3 Nc6 6. Nxc6 bxc6 7. e5 Nd5 8. Ne4 Bb7 9. Nd6+ Bxd6 10. exd6 c5 11. c4 Nb4 12. a3 Nc6 13. Be3 Qf6 14. Qd2 Rb8 15. Bxc5 Ba6 16. Rb1 Qf5 17. Qd3 Qxc5 18. b4 Qe5+ 19. Kd2 Qf4+ 20. Kc3 Bb7 21. f3 O-O 22. b5 Qf6+ 23. Kd2 Ne5 24. Qe3 Rfc8 25. Rc1 a6 26. Be2 axb5 27. cxb5 Bd5 28. Rxc8+ Rxc8 29. Rc1 Rxc1 30. Kxc1 g6 31. f4 Nc4 32. Bxc4 Qa1+ 33. Kd2 Bxc4 34. b6 Qb2+ 35. Ke1 Qxg2 36. a4 Qa2 37. h4 Qxa4 38. Kf2 Qa2+ 39. Kg3 Bd5 40. f5 Qg2+ 41. Kf4 Qh2+ 42. Kg5 h6+ 43. Kf6 Qxh4+ 44. Ke5 Qh2+ 45. Kf6 Qh4+ 46. Ke5 f6# 0-1


[Site "https://www.chess.com"]

[Event "Titled Tuesday Blitz July 11 Late 2023"]
[White "Ladan, Nicholas"]
[Black "Shimanov, Aleksandr"]
[WhiteFideId "30918855"]
[BlackFideId "4198603"]
[WhiteElo "2485"]
[BlackElo "2927"]
[Result "0-1"]
[Round "1"]
[TimeControl "180+2"]
[Date "2023.07.11"]
[WhiteClock "0:00:49"]
[BlackClock "0:02:29"]
[Board "33"]

1. e3 e6 2. Nc3 f6 3. Bd3 Nh6 4. f4 d5 5. Nf3 c5 6. Bb5+ Bd7 7. d4 Nc6 8. Bxc6 bxc6 9. O-O Be7 10. Kh1 O-O 11. e4 cxd4 12. Qxd4 c5 13. Qd1 d4 14. Ne2 Bc6 15. Ng3 Nf7 16. c3 e5 17. Nf5 Bxe4 18. Nxe7+ Qxe7 19. Re1 Qb7 20. Qe2 Bxf3 21. Qxf3 Qxf3 22. gxf3 Rfe8 23. cxd4 exd4 24. Bd2 Nd6 25. Rac1 Rxe1+ 26. Bxe1 Re8 27. Ba5 Rc8 28. Kg2 Kf7 29. Kf2 Ke6 30. b3 Kd5 31. Ke2 Re8+ 32. Kd2 c4 33. Rg1 c3+ 34. Kd1 Nf5 35. Kc2 Re2+ 0-1


[Site "https://www.chess.com"]

[Event "Titled Tuesday Blitz July 11 Late 2023"]
[White "Tang, Andrew"]
[Black "Martinez Reyes, Pedro Ramon"]
[WhiteFideId "2059630"]
[BlackFideId "3901807"]
[WhiteElo "2923"]
[BlackElo "2485"]
[Result "0-1"]
[Round "1"]
[TimeControl "180+2"]
[Date "2023.07.11"]
[WhiteClock "0:00:00"]
[BlackClock "0:00:08"]
[Board "34"]

1. d4 c5 2. d5 e5 3. c4 d6 4. Nc3 Nf6 5. e4 Be7 6. g3 Nbd7 7. Bg2 Nf8 8. Nge2 h5 9. O-O h4 10. f4 Ng6 11. Qd3 hxg3 12. hxg3 Ng4 13. Nd1 Bf6 14. Nf2 Nxf2 15. Rxf2 Bg4 16. Bd2 exf4 17. gxf4 Bxb2 18. Rb1 Bxe2 19. Qxe2 Bd4 20. Be3 Qh4 21. Bxd4 cxd4 22. Qd2 b6 23. Rb3 Qg4 24. Rd3 Rh4 25. Rdf3 Rc8 26. Qxd4 Kf8 27. Qd3 b5 28. Rg3 Qh5 29. Qa3 Rc5 30. Qxa7 Rxc4 31. Qb8+ Ke7 32. Qb7+ Kf8 33. Qxb5 Rc1+ 34. Rf1 Rxf1+ 35. Qxf1 Nxf4 36. Bf3 Qh6 37. Qc1 Ne2+ 0-1


[Site "https://www.chess.com"]

[Event "Titled Tuesday Blitz July 11 Late 2023"]
[White "Mindhunter08"]
[Black "Keymer, Vincent"]
[BlackFideId "12940690"]
[WhiteElo "2484"]
[BlackElo "2920"]
[Result "0-1"]
[Round "1"]
[TimeControl "180+2"]
[Date "2023.07.11"]
[WhiteClock "0:00:00"]
[BlackClock "0:01:00"]
[Board "35"]

1. e4 c6 2. Nf3 d5 3. Nc3 dxe4 4. Nxe4 Nf6 5. Qe2 Nxe4 6. Qxe4 Nd7 7. Bc4 Nf6 8. Ne5 e6 9. Qe2 b5 10. Bb3 Qc7 11. d4 Bd6 12. O-O O-O 13. Re1 a5 14. c3 c5 15. dxc5 Qxc5 16. Bf4 a4 17. Bc2 a3 18. Bb3 axb2 19. Qxb2 Bb7 20. Rad1 Rad8 21. Qe2 Nd5 22. Bg5 Nxc3 23. Qd3 Nxd1 24. Qxd1 Rc8 25. Bf4 Bxe5 26. Bxe5 Rfd8 27. Qg4 Qxe5 0-1


[Site "https://www.chess.com"]

[Event "Titled Tuesday Blitz July 11 Late 2023"]
[White "Eljanov, Pavel"]
[Black "Merino Garcia, Rafael II"]
[WhiteFideId "14102951"]
[BlackFideId "2209128"]
[WhiteElo "2918"]
[BlackElo "2484"]
[Result "0-1"]
[Round "1"]
[TimeControl "180+2"]
[Date "2023.07.11"]
[WhiteClock "0:00:00"]
[BlackClock "0:00:20"]
[Board "36"]

1. e4 d6 2. d4 Nd7 3. Nc3 g6 4. Be3 Bg7 5. Qd3 a6 6. a4 b6 7. f4 Bb7 8. Nf3 e6 9. Be2 Ne7 10. O-O O-O 11. Qd2 Nf6 12. Bd3 Ng4 13. Ne2 c5 14. c3 f5 15. Ng5 Qd7 16. Kh1 h6 17. exf5 hxg5 18. fxg6 Qc6 19. Rf3 Nf5 20. Bxf5 Rxf5 21. h3 Nxe3 22. Qxe3 Re8 23. Raf1 cxd4 24. cxd4 Qe4 25. Qf2 gxf4 26. Nxf4 Qxd4 27. Qh4 Bxf3 28. Rxf3 Qd1+ 29. Kh2 Qc2 30. Nxe6 Be5+ 0-1


[Site "https://www.chess.com"]

[Event "Titled Tuesday Blitz July 11 Late 2023"]
[White "Alboredo, Julia"]
[Black "Ibarra Jerez, Jose Carlos"]
[WhiteFideId "2124807"]
[BlackFideId "2226332"]
[WhiteElo "2479"]
[BlackElo "2917"]
[Result "0-1"]
[Round "1"]
[TimeControl "180+2"]
[Date "2023.07.11"]
[WhiteClock "0:00:17"]
[BlackClock "0:00:43"]
[Board "37"]

1. e4 c5 2. Nf3 Nc6 3. d4 cxd4 4. Nxd4 e5 5. Nb5 d6 6. c4 g6 7. Be2 a6 8. N5a3 Bg7 9. Nc3 Be6 10. O-O Nf6 11. Nc2 O-O 12. Be3 Rc8 13. Rc1 Na5 14. b3 b5 15. Nd5 Bxd5 16. cxd5 Nxe4 17. Nb4 Rxc1 18. Qxc1 Qc8 19. Bb6 Nb7 20. Nxa6 Nc3 21. Bd1 Nxd5 22. Be3 Qxc1 23. Bxc1 Ra8 24. Bf3 Rxa6 25. Bxd5 Nc5 26. b4 Nd3 27. Bd2 Kf8 28. g3 f5 29. Rb1 e4 30. Bg5 Bd4 31. Be3 Bxe3 32. fxe3 Ke7 33. Bg8 Kf8 34. Bb3 Nxb4 35. Rc1 Rc6 0-1


[Site "https://www.chess.com"]

[Event "Titled Tuesday Blitz July 11 Late 2023"]
[White "Gordievsky, Dmitry"]
[Black "Djabri, Massinas"]
[WhiteFideId "24112798"]
[BlackFideId "7905726"]
[WhiteElo "2916"]
[BlackElo "2478"]
[Result "1-0"]
[Round "1"]
[TimeControl "180+2"]
[Date "2023.07.11"]
[WhiteClock "0:02:49"]
[BlackClock "0:00:45"]
[Board "38"]

1. Nf3 Nf6 2. c4 e6 3. g3 c5 4. Bg2 Nc6 5. O-O Be7 6. Nc3 O-O 7. d4 cxd4 8. Nxd4 Nxd4 9. Qxd4 d6 10. Rd1 a6 11. Bg5 Qc7 12. Rac1 Qc6 13. Bxc6 1-0


[Site "https://www.chess.com"]

[Event "Titled Tuesday Blitz July 11 Late 2023"]
[White "Fiedorek, Michal"]
[Black "Grigoriants, Sergey"]
[WhiteFideId "1199528"]
[BlackFideId "4130804"]
[WhiteElo "2477"]
[BlackElo "2916"]
[Result "0-1"]
[Round "1"]
[TimeControl "180+2"]
[Date "2023.07.11"]
[WhiteClock "0:00:02"]
[BlackClock "0:00:33"]
[Board "39"]

1. e4 c6 2. d4 d5 3. exd5 cxd5 4. Bd3 Nc6 5. c3 Nf6 6. h3 e5 7. dxe5 Nxe5 8. Nf3 Bd6 9. O-O O-O 10. Nxe5 Bxe5 11. Nd2 Re8 12. Nf3 Bc7 13. Re1 Be6 14. Nd4 Qd6 15. Nf3 h6 16. Qc2 Ne4 17. Be3 Bf5 18. Rad1 Re6 19. c4 Rg6 20. Kf1 Ba5 21. cxd5 Bxe1 22. Bxe4 Bxe4 23. Qxe4 Ba5 24. Bf4 Qb4 25. Qxb4 Bxb4 26. d6 Rd8 27. d7 Rc6 28. Ne5 Rc7 29. a3 Be7 30. b4 Bf6 31. Ng6 0-1


[Site "https://www.chess.com"]

[Event "Titled Tuesday Blitz July 11 Late 2023"]
[White "Rustemov, Alexander"]
[Black "Sliwicki, Damian"]
[WhiteFideId "4119002"]
[BlackFideId "1127128"]
[WhiteElo "2913"]
[BlackElo "2473"]
[Result "1-0"]
[Round "1"]
[TimeControl "180+2"]
[Date "2023.07.11"]
[WhiteClock "0:01:26"]
[BlackClock "0:00:00"]
[Board "40"]

1. d4 Nf6 2. c4 e6 3. Nf3 Bb4+ 4. Bd2 Qe7 5. g3 Bxd2+ 6. Qxd2 d6 7. Nc3 O-O 8. Bg2 e5 9. O-O c6 10. e4 Bg4 11. Ne1 exd4 12. Qxd4 Qe5 13. Nc2 Nbd7 14. h3 Be6 15. b3 Rad8 16. Rad1 Nc5 17. f4 Qxd4+ 18. Rxd4 d5 19. f5 Bc8 20. exd5 cxd5 21. Nxd5 Nxd5 22. Bxd5 Rfe8 23. g4 b6 24. Rfd1 Kf8 25. Kf2 g6 26. Ne3 a5 27. Bc6 Rxd4 28. Rxd4 Bd7 29. Rxd7 Nxd7 30. Bxd7 Rd8 31. Ba4 Rd2+ 32. Kg3 Rxa2 33. Nd5 gxf5 34. gxf5 h5 35. Nxb6 Ke7 36. c5 Rc2 37. Nc4 Kd8 38. Nxa5 Rc3+ 39. Kh4 Kc7 40. Nc4 Rf3 41. Nd6 Rf4+ 42. Kxh5 Rf3 43. Kg4 Rf1 44. Nxf7 Rg1+ 45. Kf4 Kb8 46. f6 Rf1+ 47. Ke5 Re1+ 48. Kf5 Rf1+ 49. Ke6 Re1+ 50. Ne5 Ka7 51. f7 Rf1 52. Ke7 Rf5 53. f8=Q Rxe5+ 54. Kd6 1-0


[Site "https://www.chess.com"]

[Event "Titled Tuesday Blitz July 11 Late 2023"]
[White "Yurasova, Daria"]
[Black "Antipov, Mikhail Al."]
[WhiteFideId "34146919"]
[BlackFideId "4107012"]
[WhiteElo "2472"]
[BlackElo "2885"]
[Result "0-1"]
[Round "1"]
[TimeControl "180+2"]
[Date "2023.07.11"]
[WhiteClock "0:00:11"]
[BlackClock "0:00:07"]
[Board "41"]

1. d4 Nf6 2. Bg5 d5 3. Bxf6 exf6 4. e3 Bd6 5. g3 f5 6. Bg2 c6 7. Ne2 Nd7 8. Nd2 Nf6 9. O-O O-O 10. c4 Be6 11. Rc1 Re8 12. c5 Bc7 13. b4 g5 14. a4 a6 15. Rb1 Kg7 16. b5 axb5 17. axb5 Ne4 18. Qc2 h5 19. bxc6 bxc6 20. Nf3 f6 21. Ra1 h4 22. gxh4 g4 23. Nd2 Rh8 24. Ng3 Rxh4 25. Rxa8 Qxa8 26. Qb2 Kg6 27. Ra1 Qc8 28. Ndf1 Ng5 29. Ra7 Rh7 30. Qa2 Qb8 31. Ra8 Qb4 32. Qa4 Qxa4 33. Rxa4 Bb8 34. Ra6 Rc7 35. Ne2 Bc8 36. Ra8 Rb7 37. Ra6 Rc7 38. Ra1 Ra7 39. Rxa7 Bxa7 40. Nf4+ Kf7 41. Nd2 Bb8 42. Nd3 Bc7 43. Nb3 Ba6 44. Nb4 Bc4 45. Nd2 Bb5 46. Bf1 Ba4 47. Ba6 Ba5 48. Nxc6 Bxc6 49. Nb3 Bb4 50. Bc8 Ba4 51. Nc1 Nf3+ 52. Kg2 Ke7 53. Bxf5 Nh4+ 54. Kg3 Nxf5+ 55. Kxg4 Nh6+ 56. Kh5 Nf7 57. Nd3 Ba5 58. Kg6 Bc2 59. Kg7 Bxd3 60. h4 Be1 61. h5 Bxf2 62. h6 Bg3 63. h7 Bxh7 64. Kxh7 Ng5+ 65. Kg6 Ke6 66. c6 Nf7 67. Kg7 Nd8 68. e4 dxe4 69. d5+ Kxd5 0-1


[Site "https://www.chess.com"]

[Event "Titled Tuesday Blitz July 11 Late 2023"]
[White "Zhigalko, Sergei"]
[Black "Luong Phuong Hanh"]
[WhiteFideId "13502956"]
[BlackFideId "12401013"]
[WhiteElo "2877"]
[BlackElo "2472"]
[Result "1-0"]
[Round "1"]
[TimeControl "180+2"]
[Date "2023.07.11"]
[WhiteClock "0:00:21"]
[BlackClock "0:00:08"]
[Board "42"]

1. e4 c5 2. Nf3 e6 3. c3 Nf6 4. e5 Nd5 5. Bc4 Nb6 6. Bb3 d5 7. exd6 Bxd6 8. d4 O-O 9. O-O Nc6 10. Re1 Qc7 11. Nbd2 cxd4 12. cxd4 Bf4 13. Ne4 Rd8 14. Be3 Bxe3 15. fxe3 Qe7 16. Rc1 Bd7 17. Nc5 Rab8 18. Qe2 Na5 19. Bc2 Nd5 20. Ne5 Be8 21. Rf1 Nc6 22. Nxc6 Bxc6 23. Nd3 Qg5 24. Rf3 Qh5 25. Qf2 Nf6 26. Rh3 Qg5 27. Ne5 h5 28. Rf1 Rf8 29. Rg3 Ng4 30. Qe1 Qh4 31. h3 Nxe5 32. Rxg7+ Kxg7 33. Qxh4 Ng6 34. Qf6+ Kh6 35. Bxg6 fxg6 36. Qxf8+ Rxf8 37. Rxf8 Bd5 38. a3 a5 39. h4 1-0


[Site "https://www.chess.com"]

[Event "Titled Tuesday Blitz July 11 Late 2023"]
[White "Estrada Nieto, Julian"]
[Black "Dardha, Daniel"]
[WhiteFideId "5101018"]
[BlackFideId "240990"]
[WhiteElo "2470"]
[BlackElo "2864"]
[Result "0-1"]
[Round "1"]
[TimeControl "180+2"]
[Date "2023.07.11"]
[WhiteClock "0:00:08"]
[BlackClock "0:01:28"]
[Board "43"]

1. e4 d6 2. d4 g6 3. Nc3 Bg7 4. Nf3 Nf6 5. Be2 O-O 6. O-O a6 7. a4 b6 8. Re1 Bb7 9. e5 Nd5 10. Nxd5 Bxd5 11. Bg5 h6 12. Bh4 Nd7 13. exd6 cxd6 14. Bd3 Nf6 15. c3 e6 16. Nd2 Qc7 17. Qe2 Bb7 18. Ne4 Nxe4 19. Bxe4 Bxe4 20. Qxe4 d5 21. Qe2 Qc6 22. Bg3 Rfc8 23. h4 Qc4 24. Qf3 b5 25. h5 g5 26. axb5 axb5 27. Rxa8 Rxa8 28. Be5 b4 29. Bxg7 Kxg7 30. Qg3 bxc3 31. bxc3 Rc8 32. Re3 Qc7 33. Qf3 Ra8 34. g3 Ra3 35. Kg2 Qc4 36. Rd3 Ra1 37. Qe3 Kg8 38. Qf3 Re1 39. Re3 Qf1+ 40. Kh2 Qg1+ 41. Kh3 f5 42. g4 fxg4+ 43. Qxg4 Qh1+ 44. Kg3 Rg1# 0-1


[Site "https://www.chess.com"]

[Event "Titled Tuesday Blitz July 11 Late 2023"]
[White "Ter-Sahakyan, Samvel"]
[Black "Rubio Tent, Francisco"]
[WhiteFideId "13302531"]
[BlackFideId "2238233"]
[WhiteElo "2849"]
[BlackElo "2465"]
[Result "1-0"]
[Round "1"]
[TimeControl "180+2"]
[Date "2023.07.11"]
[WhiteClock "0:00:16"]
[BlackClock "0:00:01"]
[Board "44"]

1. e4 c6 2. d4 d5 3. exd5 cxd5 4. Bd3 Nc6 5. c3 Qc7 6. h3 g6 7. Nf3 Bf5 8. Be2 Nf6 9. Be3 Bg7 10. Nbd2 h5 11. O-O O-O 12. Re1 a6 13. Qc1 Rfe8 14. Bf1 Ne4 15. Nxe4 Bxe4 16. Bf4 Qd7 17. Nd2 Bf5 18. Nb3 b6 19. a4 a5 20. Bb5 Qb7 21. Qe3 Rac8 22. Nd2 Bd7 23. Qg3 Nd8 24. Bd3 Ne6 25. Be5 Bxe5 26. Rxe5 Ng7 27. Qf3 Bc6 28. Qe2 Qd7 29. Bc2 b5 30. axb5 Bxb5 31. Qf3 Bc6 32. Rxa5 Ra8 33. Rxa8 Rxa8 34. Qd1 Ra2 35. Qb1 Qa7 36. Re1 Ne8 37. Nf3 Nf6 38. Bxg6 fxg6 39. Qxg6+ Kf8 40. Ng5 Be8 41. Ne6# 1-0


[Site "https://www.chess.com"]

[Event "Titled Tuesday Blitz July 11 Late 2023"]
[White "JERO-8914"]
[Black "Maksimovic, Bojan"]
[BlackFideId "14408120"]
[WhiteElo "2462"]
[BlackElo "2847"]
[Result "1/2-1/2"]
[Round "1"]
[TimeControl "180+2"]
[Date "2023.07.11"]
[WhiteClock "0:00:30"]
[BlackClock "0:00:34"]
[Board "45"]

1. e4 c5 2. c3 d5 3. exd5 Qxd5 4. d4 Nf6 5. Nf3 e6 6. Na3 Nc6 7. Be3 cxd4 8. Nb5 Qd7 9. Nbxd4 Be7 10. Bb5 Qc7 11. O-O O-O 12. Nxc6 bxc6 13. Bd3 c5 14. Qc2 c4 15. Be2 Bb7 16. Nd4 Rab8 17. Qa4 a6 18. Qxc4 Qxc4 19. Bxc4 Rfc8 20. Bb3 Nd5 21. Rfe1 a5 22. Bc1 Ba8 23. a4 Bf6 24. Nb5 Nc7 25. Bf4 e5 26. Bxe5 Bxe5 27. Rxe5 Bc6 28. c4 Ne6 29. Rd1 Rd8 30. Rxd8+ Rxd8 31. f3 Rd2 32. c5 Rxb2 33. Bxe6 fxe6 34. Nd4 Bxa4 35. c6 Rd2 36. c7 Bd7 37. Nxe6 Rc2 38. Nc5 Bc8 39. Re8+ Kf7 40. Rxc8 Rxc5 41. Ra8 Rxc7 42. Rxa5 Rc2 43. h4 g6 44. Kh2 h5 45. Kg3 Rb2 46. Ra6 Kg7 47. Kh3 Rc2 48. g4 Rc3 49. Kg3 hxg4 50. Kxg4 Rc1 51. Ra7+ Kf6 52. Ra6+ Kg7 53. f4 Rg1+ 54. Kf3 Rf1+ 55. Kg4 Rg1+ 56. Kf3 Rf1+ 57. Kg4 Rg1+ 1/2-1/2


[Site "https://www.chess.com"]

[Event "Titled Tuesday Blitz July 11 Late 2023"]
[White "Moroni, Luca Jr"]
[Black "Gatterer, Florian"]
[WhiteFideId "865834"]
[BlackFideId "811688"]
[WhiteElo "2840"]
[BlackElo "2462"]
[Result "1-0"]
[Round "1"]
[TimeControl "180+2"]
[Date "2023.07.11"]
[WhiteClock "0:02:10"]
[BlackClock "0:01:43"]
[Board "46"]

1. c4 e5 2. Nc3 Nf6 3. e3 Nc6 4. Qb3 Be7 5. d3 O-O 6. g3 d6 7. Bg2 Nb4 8. Qxb4 d5 9. Qb3 d4 10. exd4 exd4 11. Ne4 Ng4 12. h3 Ne5 13. Nf3 Nxf3+ 14. Bxf3 f5 15. Nd2 f4 16. g4 Bh4 17. Ne4 Re8 18. Bd2 c5 19. O-O-O Qc7 20. Rhe1 Be6 21. Re2 b5 22. Qxb5 Rec8 23. Nxc5 1-0


[Site "https://www.chess.com"]